 Dungeon Crawl Stone Soup version 0.30-a0-1112-gfb780f5df6 (webtiles) character file.

Game seed: 6306806466039719930

128 kae the Ruffian (level 4, -9/35 HPs)
             Began as a Draconian Transmuter on Apr 19, 2023.
             Mangled by an ice beast (14 damage)
             ... on level 3 of the Dungeon.
             The game lasted 00:02:06 (2373 turns).

kae the Ruffian (Draconian Transmuter)              Turns: 2373, Time: 00:02:06

Health: -9/35      AC:  2    Str: 13    XL:     4   Next: 87%
Magic:  6/8        EV: 19    Int: 15    God:
Gold:   157        SH:  0    Dex: 16    Spells: 2/8 levels left

rFire   . . .      SeeInvis .      - Unarmed
rCold   . . .      Faith    .    (shield currently unavailable)
rNeg    . . .      Spirit   .    (body armour unavailable)
rPois   x          Reflect  .    (helmet currently unavailable)
rElec   .          Rampage  .    (cloak currently unavailable)
rCorr   .                        (gloves currently unavailable)
Will    .....                    (boots currently unavailable)
Stlth   +                        (no amulet)
HPRegen 0.25/turn                (no ring)
MPRegen 0.11/turn                (no ring)

@: spider-form
A: venomous fangs, AC +5, tiny, unfitting armour, (cold-blooded)
a: End Transformation


You were on level 3 of the Dungeon.
You were a venomous arachnid creature.
You visited 1 branch of the dungeon, and saw 3 of its levels.

You collected 185 gold pieces.
You spent 28 gold pieces at shops.


Innate Abilities, Weirdness & Mutations

You are a venomous arachnid creature.
You have venomous fangs.
You are tiny and dextrous.
Your spellcasting is less reliable in this form.
Your armour is entirely melded.
You are incapable of wielding weapons or throwing items.
((Your plain brown scales are hard. (AC +5)))
You cannot fit into any form of body armour.
((You are cold-blooded and may be slowed by cold attacks.))


   Skills:
 - Level 1.1 Fighting
 - Level 1.7 Dodging
 + Level 3.6 Unarmed Combat
 + Level 2.7 Spellcasting
 * Level 3.5 Transmutations
 * Level 1.8 Poison Magic


You had 2 spell levels left.
You knew the following spells:

 Your Spells              Type           Power      Damage    Failure   Level
a - Beastly Appendage     Tmut           24%        N/A       14%         1
b - Wereblood             Tmut           12%        N/A       21%         2
c - Spider Form           Tmut/Pois      10%        N/A       41%         3

Your spell library contained the following spells:

 Spells                   Type           Power      Damage    Failure   Level
 Ice Form                 Ice/Tmut       7%         N/A       86%         4

Inventory:

Missiles
 c - 24 stones
 f - 6 poisoned darts
 h - a throwing net {=f!f}
 j - 6 atropa-tipped darts
Scrolls
 e - 2 scrolls of teleportation {@r4}
 i - 3 scrolls of fog
 l - a scroll of identify {@r1}
Potions
 a - a potion of lignification {!q}
 b - a potion of might
 d - 2 potions of cancellation {unknown}
 g - 2 potions of brilliance
 k - a potion of degeneration {unknown}

Dungeon Overview and Level Annotations

Branches:
Dungeon (3/15) Zot: 15634

Altars:
Yredelemnul

Shops:
D:1

? #........###
####.[.....#
#....†.....#
#######.##.......#
#....##.##.......#
#....##.##########
#....##.#
#...†##.####
#..Ys).....#
#...##....†...# +
#.)......#
#####.....#
......# ......#
........ ........#


You could see an ice beast (very poisoned).


Message History

Your hp is fully restored (35).
c - 24 stones (gained 2);
l - a scroll of identify {@r1}
Things that are here:
a +0 hand axe; an orc corpse
Things that are here:
a +0 hand axe; an orc corpse You open the door.
A dart slug comes into view. 😎 MP[+2]
Your mp is fully restored (8).
Okay, then.
Casting: Spider Form (quite dangerous; 22% risk of failure)
Confirm with . or Enter, or press ? or * to list all spells.
You grow a pair of large bovine horns.
Your feet morph into talons. 😎 MP[-1]
You lost 1 mp, and now have 7/8 mp.
The dart slug launches a dart at you. The slug dart hits you.
You hit the dart slug. You claw the dart slug. You headbutt the dart slug.
You kill the dart slug! 😕 HP[-3]
You take 3 damage, and now have 32/35 hp.
No target in view!
No target in view!
Your transformation is almost over.
Your horns disappear.
Your talons disappear.
You see here a dart slug corpse.
Key pressed, stopping explore.
A ball python comes into view.
The ball python hisses angrily. 😎 HP[+3] MP[+1]
Your hp is fully restored (35).
Your mp is fully restored (8).
A ball python is nearby!
A ball python is nearby!
A ball python is nearby!
Casting: Beastly Appendage (safe; 4% risk of failure)
Confirm with . or Enter, or press ? or * to list all spells.
You grow a pair of large bovine horns.
Your feet morph into talons. 😎 MP[-1]
You lost 1 mp, and now have 7/8 mp.
You hit the ball python.
You kill the ball python!
A kobold comes into view. It is wielding a +2 mace of protection.
A quokka comes into view.
The kobold shouts!
You hit the kobold. Your kick misses the kobold.
Your headbutt misses the kobold.
The kobold hits you with a +2 mace of protection. 😕 HP[-3]
You take 3 damage, and now have 32/35 hp.
You barely miss the kobold. You headbutt the kobold.
You kill the kobold!
An ice beast comes into view.
The quokka bites you but does no damage.
You see here a +2 mace of protection.
You hit the quokka.
You kill the quokka! 😕 HP[+1] MP[+1]
Your mp is fully restored (8).
Unknown command.
Casting: Beastly Appendage (safe; 4% risk of failure)
Confirm with . or Enter, or press ? or * to list all spells.
The spell is quite dangerous to miscast (21% risk of failure)!
Continue anyway? [Y]es or [N]o only, please.
The spell is quite dangerous to miscast (21% risk of failure)!
Continue anyway?
Your horns disappear.
Your talons disappear.
You turn into a venomous arachnid creature.
The ice beast misses you. 😕 MP[-3]
You lost 3 mp, and now have 5/8 mp.
You completely miss the ice beast. The ice beast barely misses you.
You hit the ice beast.
The ice beast is poisoned.
Unknown command.
You hit the ice beast but do no damage.
The ice beast looks as sick as possible!
The ice beast hits you. The ice beast freezes you! 😮 HP[-13]
You take 13 damage, and now have 20/35 hp.
MASSIVE DAMAGE!! (PAUSE)
You hit the ice beast but do no damage. The ice beast closely misses you.
You barely miss the ice beast.
The ice beast hits you but does no damage.
You barely miss the ice beast.
The ice beast hits you but does no damage.
Unknown command.
You barely miss the ice beast. The ice beast hits you.
The ice beast freezes you!
* * * LOW HITPOINT WARNING * * *
😱 HP[-14]
You take 14 damage, and now have 6/35 hp.
MASSIVE DAMAGE!! (PAUSE)
You hit the ice beast.
The ice beast closely misses you. 😱 HP[+1]
You barely miss the ice beast.
The ice beast completely misses you. 😱 MP[+1] Unknown command.
You bite the ice beast! The ice beast hits you.
* * * LOW HITPOINT WARNING * * *
The ice beast freezes you!
You die...

Skill      XL: |  1  2  3 |
---------------+----------+-----
Transmutations | 3 |  3.5
Poison Magic   | 1 |  1.8
Fighting       | |  1.1
Dodging        | |  1.7
Unarmed Combat | |  3.6
Spellcasting   | |  2.7

Action                     |  1- 3 |  4- 6 || total
---------------------------+-------+-------++-------
  Melee: Unarmed           |   123 |    65 ||   188
         Kick              |    10 |    14 ||    24
         Headbutt          |     6 |     4 ||    10
         Punch             |     3 |       ||     3
         Tailslap          |    13 |     4 ||    17
   Cast: Beastly Appendage |    23 |    15 ||    38
         Spider Form       |       |     2 ||     2
    Use: Scroll            |     5 |     2 ||     7
         Potion            |       |     1 ||     1
   Stab: Distracted        |       |     1 ||     1
 Armour: Skin              |    48 |    14 ||    62
  Dodge: Dodged            |    99 |    40 ||   139

Levels and vault maps discovered:
D:1:      dpeg_arrival_tiny_a, layout_basic, serial_shops, shop,
          nicolae_hexahallways, minmay_heptomino_h4
D:2:      kb_forest_paths, layout_rooms, minmay_door_square,
          grunt_decor_fettered
D:3:      layout_basic, amcnicky_altar_gilded, uniq_grinder, uniq_jessica

Notes
Turn   | Place    | Note
-------+----------+-------------------------------------------
     0 | D:1      | kae the Draconian Transmuter began the quest for the Orb.
     0 | D:1      | Reached XP level 1. HP: 16/16 MP: 3/3
     0 | D:1      | magus.rc [v1.11.3]
   339 | D:1      | Reached XP level 2. HP: 21/23 MP: 3/5
   984 | D:1      | Found Fotudyol's Magic Scroll Boutique.
   999 | D:1      | Bought a scroll of identify for 28 gold pieces
  1073 | D:1      | Reached XP level 3. HP: 28/28 MP: 4/6
  1076 | D:1      | Learned a level 2 spell: Wereblood
  1080 | D:1      | Learned a level 3 spell: Spider Form
  1213 | D:2      | Reached skill level 3 in Transmutations
  1408 | D:2      | Reached skill level 1 in Poison Magic
  1422 | D:2      | HP: 7/28 [poisoned by an adder]
  1425 | D:2      | HP: 2/28 [poisoned by an adder]
  1426 | D:2      | Reached XP level 4. HP: 3/35 MP: 5/7
  2216 | D:3      | Found a basalt altar of Yredelemnul.
  2266 | D:3      | Noticed Jessica
  2281 | D:3      | Killed Jessica
  2359 | D:3      | Noticed an ice beast
  2370 | D:3      | HP: 6/35 [ice beast (13)]
  2373 | D:3      | Mangled by an ice beast

Vanquished Creatures
  Jessica (D:3)
  3 adders (D:2)
  A worm (D:2)
  3 dart slugs
  An orc (D:3)
  7 endoplasms
  6 giant cockroaches
  10 goblins
  4 hobgoblins
  2 quokkas
  6 ball pythons
  6 bats
  A frilled lizard (D:1)
  4 kobolds
  4 rats
59 creatures vanquished.

Table legend:
 A = Non-vault XP
 B = Vault XP
 C = Vault XP percentage of total XP
 D = Non-vault monster count
 E = Vault monster count
 F = Vault count percentage of total count
                 A         B        C        D         E       F
            +---------+---------+-------+---------+---------+-------
      Total |     129 |      55 |  29.9 |      50 |       9 |  15.3
            +---------+---------+-------+---------+---------+-------
        D:1 |      38 |       3 |   7.3 |      22 |       2 |   8.3
        D:2 |      79 |      15 |  16.0 |      23 |       6 |  20.7
        D:3 |      12 |      37 |  75.5 |       5 |       1 |  16.7
            +---------+---------+-------+---------+---------+-------

Illustrated notes

Table legend:
 A = Kills in this place as a percentage of kills in the entire game.
 B = Kills by you in this place as a percentage of kills by you in the entire game.
 C = Kills by friends in this place as a percentage of kills by friends in the entire game.
 D = Other kills in this place as a percentage of other kills in the entire game.
 E = Experience gained in this place as a percentage of experience gained in the entire game.
 F = Experience gained in this place divided by the number of levels of this place that you have seen.
                   A       B       C       D       E      F
               +-------+-------+-------+-------+-------+----------------------
         Total | 100.0 | 100.0 |   N/A |   N/A | 100.0 |  61.3
       Dungeon | 100.0 | 100.0 |   N/A |   N/A | 100.0 |  61.3
               +-------+-------+-------+-------+-------+----------------------

Table legend: (Time is in decaauts)
 A = Elapsed time spent in this place.
 B = Non-inter-level travel time spent in this place.
 C = Inter-level travel time spent in this place.
 D = Time resting spent in this place.
 E = Time spent auto-exploring this place.
 F = Levels seen in this place.
 G = Mean time per level.
                   A        B        C        D        E       F      G
               +--------+--------+--------+--------+--------+-----+--------+
         Total |   2365 |   2261 |    104 |     15 |   1793 |   3 |  788.3 |
       Dungeon |   2365 |   2261 |    104 |     15 |   1793 |   3 |  788.3 |
               +--------+--------+--------+--------+--------+-----+--------+

Top non-repeatable levels by time:
     D:1: 1176 daAuts
     D:2: 1032 daAuts
     D:3: 155 daAuts
